 Dungeon Crawl Stone Soup version 0.30-a0-169-g06f667207d (webtiles) character file.

Game seed: 6344536069351980105

570 qw the Chopper (level 7, -8/44 HPs)
             Began as a Gargoyle Fighter on Sept 30, 2022.
             Mangled by an orc wizard
             ... wielding a +1 dagger of distortion
              (9 damage)
             ... on level 4 of the Dungeon.
             The game lasted 00:01:36 (4016 turns).

qw the Chopper (Gargoyle Fighter)                   Turns: 4016, Time: 00:01:37

Health: -8/44      AC: 15    Str: 21    XL:     7   Next: 34%
Magic:  0/7        EV: 13    Int:  9    God:
Gold:   197        SH:  4    Dex:  9    Spells: 6/6 levels left

rFire   + . .      SeeInvis .    Y - +0 war axe
rCold   + . .      Faith    .    c - +0 buckler
rNeg    + . .      Spirit   +    b - +0 scale mail
rPois   inf        Reflect  .    (no helmet)
rElec   +          Harm     .    g - scarf {rC+ rF+}
rCorr   .          Rampage  .    (no gloves)
Will    .....                    (no boots)
Stlth   ..........               n - amulet of guardian spirit
HPRegen 0.14/turn                l - +4 ring of protection
MPRegen 0.10/turn                f - +4 ring of evasion

@: about to teleport
A: sickness immunity, AC +4, negative energy resistance 1, electricity
resistance, torment resistance 1, petrification resistance
a: no special abilities


You were on level 4 of the Dungeon.
You visited 1 branch of the dungeon, and saw 4 of its levels.

You collected 197 gold pieces.


Innate Abilities, Weirdness & Mutations

You are immune to sickness and miasma.
Your stone body is resilient. (AC +4)
You are immune to poison.
You resist negative energy. (rN+)
You are resistant to electric shocks. (rElec)
You are resistant to unholy torment.
You are immune to petrification.


   Skills:
 - Level 4.9 Fighting
 + Level 6.2 Axes
 - Level 3.2 Armour
 - Level 1.3 Dodging
 - Level 3.2 Shields


You had 6 spell levels left.
You didn't know any spells.
Your spell library was empty.

Inventory:

Hand Weapons
 a - a +0 flail
 Y - a +0 war axe (weapon)
Missiles
 m - 5 boomerangs (quivered)
Armour
 b - a +0 scale mail (worn)
 c - a +0 buckler (worn)
 g - a scarf of resistance (worn)
Jewellery
 f - a +4 ring of evasion (right hand)
 k - a ring of protection from fire
 l - a +4 ring of protection (left hand)
 n - an amulet of guardian spirit (around neck)
 p - an amulet of magic regeneration
Scrolls
 h - 2 scrolls of identify
Potions
 d - 2 potions of might
 e - a potion of curing {unknown}
 j - a potion of flight {unknown}
 o - 2 potions of degeneration {unknown}

Dungeon Overview and Level Annotations

Branches:
Dungeon (4/15)
 Temple: D:4-7

Altars:
Dithmenos
Elyvilon
Uskayaw
Vehumet
Xom
Yredelemnul


Message History

The orc wizard is moderately wounded.
The orc shouts!
The orc wizard hits you but does no damage.
Space warps horribly around you! The orc wizard misses you.
You slash the orc wizard!
The orc wizard is severely wounded.
The orc wizard casts a spell at you.
The puff of flame hits you but does no damage.
You hit the orc wizard but do no damage.
The orc wizard is severely wounded.
The orc wizard casts a spell at you.
You are confused.
You closely miss the orc wizard.
The orc wizard is severely wounded.
You bump into the rock wall.
The orc wizard points at you and mumbles some strange words.
The puff of flame hits you but does no damage.
The orc hits you but does no damage.
You miss the orc wizard.
The orc wizard is severely wounded.
You hit the orc.
The orc wizard hits you but does no damage.
The orc hits you but does no damage. The orc wizard closely misses you.
You bump into the rock wall.
The orc wizard closely misses you. The orc barely misses you.
You bump into the rock wall.
The orc wizard hits you with a +1 dagger of distortion.
Space warps horribly around you! The orc completely misses you.
You hit the orc wizard but do no damage.
The orc wizard is severely wounded.
You hit the orc.
You feel less confused. The orc wizard casts a spell at you.
The puff of flame misses you. The orc completely misses you.
4016 ||| READING scroll of teleportation.
As you read the scroll of teleportation, it crumbles to dust.
You feel strangely unstable.
The orc wizard hits you but does no damage.
Space warps horribly around you!
You die...

#..#...#.%..........#####
...?.................#
###.##.##............#
#.......#####...####
####.#### ##......# #
#.....### #.....#
#####.....# #o@.....#.# #
#o###.###.# # #o #.# #.#
# .. ... ..# # ##.
######.# # #. # #. # ## #


You could see an orc wizard and 2 orcs.

Vanquished Creatures
  A black bear (D:3)
  A phantom (D:4)
  2 scorpions (D:4)
  2 orc priests (D:3)
  Natasha (thrice) (D:3)
  4 adders
  3 worms
  2 dart slugs
  10 orcs
  9 bats
  7 endoplasms
  2 giant cockroaches
  6 goblins
  9 hobgoblins
  5 quokkas
  11 ball pythons
  4 frilled lizards
  8 kobolds
  23 rats
112 creatures vanquished.

Notes
Turn   | Place    | Note
-------+----------+-------------------------------------------
     0 | D:1      | qw the Gargoyle Fighter began the quest for the Orb.
     0 | D:1      | Reached XP level 1. HP: 14/14 MP: 1/1
     0 | D:1      | 0 ||| qw: Version: 0.2-a-12-gaebbb33
     0 | D:1      | 0 ||| qw: Game counter: 1364
     0 | D:1      | 0 ||| qw: Always use a shield: true
     0 | D:1      | 0 ||| qw: God list: Okawaru
     0 | D:1      | 0 ||| qw: Allow faded altars: false
     0 | D:1      | 0 ||| qw: Do Orc after D:15 true
     0 | D:1      | 0 ||| qw: Do second Lair branch before Depths: true
     0 | D:1      | 0 ||| qw: Lair rune preference: random
     0 | D:1      | 0 ||| qw: Plans: Normal, Zot:1-4, God:TSO, Crypt, Tomb,
                  | Pan, Slime:5, Hells, Abyss, Orb
     0 | D:1      | 0 ||| PLANNING D:1-11
   119 | D:1      | Found a faded altar of an unknown god.
   138 | D:1      | HP: 3/14 [ball python (2)]
   140 | D:1      | Reached skill level 2 in Axes
   650 | D:1      | Reached XP level 2. HP: 18/19 MP: 2/2
   780 | D:1      | 780 ||| Stepping ~*~*~tactically~*~*~ (stealth).
   785 | D:1      | 785 ||| Stepping ~*~*~tactically~*~*~ (stealth).
   811 | D:1      | Reached skill level 3 in Axes
   841 | D:1      | Reached XP level 3. HP: 20/23 MP: 3/3
  1008 | D:1      | 1008 ||| Stepping ~*~*~tactically~*~*~ (stealth).
  1023 | D:1      | 1023 ||| Stepping ~*~*~tactically~*~*~ (stealth).
  1217 | D:1      | 1217 ||| UPGRADING to ring of protection from fire.
  1218 | D:1      | 1218 ||| READING scroll labelled GOISTA HAISILI.
  1221 | D:1      | 1221 ||| READING scroll labelled XYRYHO HOMISUT.
  1222 | D:1      | 1222 ||| READING scroll labelled KUOLEL TI DYEL.
  1323 | D:1      | 1323 ||| READING scroll labelled KEW RITOSAS.
  1324 | D:1      | 1324 ||| READING scroll labelled JIFUNLOL XACO.
  1325 | D:1      | 1325 ||| DRINKING 2 bubbling emerald potions.
  1430 | D:1      | 1430 ||| DRINKING 2 black potions.
  1431 | D:1      | 1431 ||| DROPPING potion of berserk rage.
  1432 | D:1      | 1432 ||| DROPPING potion of magic.
  1489 | D:2      | 1489 ||| Stepping ~*~*~tactically~*~*~ (stealth).
  1490 | D:2      | 1490 ||| Stepping ~*~*~tactically~*~*~ (stealth).
  1497 | D:2      | 1497 ||| Stepping ~*~*~tactically~*~*~ (stealth).
  1507 | D:2      | 1507 ||| Stepping ~*~*~tactically~*~*~ (stealth).
  1508 | D:2      | 1508 ||| Stepping ~*~*~tactically~*~*~ (stealth).
  1558 | D:2      | 1558 ||| Stepping ~*~*~tactically~*~*~ (stealth).
  1569 | D:2      | 1569 ||| Stepping ~*~*~tactically~*~*~ (stealth).
  1571 | D:2      | 1571 ||| Stepping ~*~*~tactically~*~*~ (stealth).
  1670 | D:2      | Reached XP level 4. HP: 24/28 MP: 4/4
  1722 | D:2      | 1722 ||| Stepping ~*~*~tactically~*~*~ (stealth).
  1725 | D:2      | 1725 ||| Stepping ~*~*~tactically~*~*~ (stealth).
  1797 | D:2      | Found a radiant altar of Vehumet.
  1937 | D:2      | 1937 ||| Stepping ~*~*~tactically~*~*~ (stealth).
  1950 | D:2      | Reached skill level 4 in Axes
  2331 | D:2      | 2331 ||| DROPPING orb of wrath.
  2332 | D:2      | 2332 ||| UPGRADING to amulet of guardian spirit.
  2337 | D:2      | 2337 ||| UPGRADING to +4 ring of evasion.
  2338 | D:2      | 2338 ||| UPGRADING to +4 ring of protection.
  2340 | D:2      | 2340 ||| READING scroll labelled UGINGAOHUWN.
  2341 | D:2      | 2341 ||| READING scroll labelled VIHAXK RAGEBOF.
  2368 | D:3      | 2368 ||| Stepping ~*~*~tactically~*~*~ (stealth).
  2417 | D:3      | 2417 ||| DROPPING +0 club.
  2442 | D:3      | Noticed Natasha
  2454 | D:3      | Killed Natasha
  2455 | D:3      | Reached XP level 5. HP: 21/32 MP: 2/5
  2613 | D:3      | Noticed Natasha
  2614 | D:3      | 2614 ||| Stepping ~*~*~tactically~*~*~ (stealth).
  2616 | D:3      | 2616 ||| Stepping ~*~*~tactically~*~*~ (hiding).
  2629 | D:3      | Killed Natasha
  2630 | D:3      | Reached skill level 5 in Axes
  2712 | D:3      | 2712 ||| DROPPING +3 mace.
  2713 | D:3      | 2713 ||| DROPPING +1 whip of venom.
  2885 | D:3      | 2885 ||| Stepping ~*~*~tactically~*~*~ (hiding).
  2892 | D:3      | Noticed Natasha
  2892 | D:3      | Noticed a black bear
  2893 | D:3      | 2893 ||| Stepping ~*~*~tactically~*~*~ (hiding).
  2904 | D:3      | 2904 ||| Stepping ~*~*~tactically~*~*~ (hiding).
  2911 | D:3      | Killed a black bear
  2912 | D:3      | Reached XP level 6. HP: 30/40 MP: 4/6
  2922 | D:3      | Killed Natasha
  2927 | D:3      | HP: 10/40 [orc priest/divine providence (5)]
  2928 | D:3      | 2928 ||| READING 2 scrolls of teleportation.
  3170 | D:3      | 3170 ||| Stepping ~*~*~tactically~*~*~ (stealth).
  3175 | D:3      | Reached skill level 1 in Dodging
  3527 | D:3      | Found a white marble altar of Elyvilon.
  3527 | D:3      | Found a hide-covered altar of Uskayaw.
  3527 | D:3      | Found a shadowy altar of Dithmenos.
  3537 | D:3      | 3537 ||| UPGRADING to scarf of resistance.
  3542 | D:3      | 3542 ||| READING 2 scrolls labelled PEXAG VIGURI.
  3585 | D:4      | 3585 ||| STAIRDANCE
  3683 | D:4      | 3683 ||| Stepping ~*~*~tactically~*~*~ (stealth).
  3694 | D:4      | Reached XP level 7. HP: 39/44 MP: 5/7
  3758 | D:4      | Found a shimmering altar of Xom.
  3801 | D:4      | 3801 ||| Stepping ~*~*~tactically~*~*~ (stealth).
  3849 | D:4      | Found a basalt altar of Yredelemnul.
  3902 | D:4      | Reached skill level 6 in Axes
  4001 | D:4      | 4001 ||| Stepping ~*~*~tactically~*~*~ (hiding).
  4014 | D:4      | HP: 1/44 [orc wizard/+1 dagger of distortion (13)]
  4016 | D:4      | 4016 ||| READING scroll of teleportation.
  4016 | D:4      | Mangled by an orc wizard

Levels and vault maps discovered:
D:1:      tarquinn_simple_flora_water_e, layout_rooms,
          shapermc_ecumenical_altar_totnotflames, corner_web_ring,
          minmay_indecisive_spiral
D:2:      layout_basic, basic_altar, minmay_rat_hole
D:3:      layout_basic, gammafunk_temple_overflow_claw, uniq_natasha
D:4:      minmay_angry_zag, layout_loops_cross, mainiacjoe_overflow_boulevard,
          nicolae_tso_swordbearing_angel, mainiacjoe_overflow_brackets,
          kennysheep_mini

Skill      XL: |  1  2  3  4  5  6  7 |
---------------+----------------------+-----
Axes           | 2 3 4 5 6 |  6.2
Fighting       | 4 |  4.9
Dodging        | 1 |  1.3
Armour         | |  3.2
Shields        | |  3.2

Action                   |  1- 3 |  4- 6 |  7- 9 || total
-------------------------+-------+-------+-------++-------
Melee: War axe           |   132 |   182 |    30 ||   344
Throw: Boomerang         |    13 |    53 |     9 ||    75
  Use: Scroll            |     5 |     4 |     1 ||    10
       Potion            |     2 |       |       ||     2
Armor: Scale mail        |    78 |    81 |    21 ||   180
Dodge: Dodged            |    76 |   111 |    15 ||   202
Block: Buckler           |    19 |    36 |     5 ||    60

Table legend:
 A = Non-vault XP
 B = Vault XP
 C = Vault XP percentage of total XP
 D = Non-vault monster count
 E = Vault monster count
 F = Vault count percentage of total count
                 A         B        C        D         E       F
            +---------+---------+-------+---------+---------+-------
      Total |     750 |      65 |   8.0 |      87 |      25 |  22.3
            +---------+---------+-------+---------+---------+-------
        D:1 |      38 |       7 |  15.6 |      23 |       4 |  14.8
        D:2 |      75 |      20 |  21.1 |      22 |      19 |  46.3
        D:3 |     332 |      35 |   9.5 |      26 |       1 |   3.7
        D:4 |     305 |       3 |   1.0 |      16 |       1 |   5.9
            +---------+---------+-------+---------+---------+-------
